 Dungeon Crawl Stone Soup version 0.21-a0-140-g479285b (webtiles) character file.

11 Chiseanne the Skirmisher (level 2, 22/24 HPs)
             Began as a Demonspawn Wanderer on July 21, 2017.
             Quit the game on level 1 of the Dungeon.
             The game lasted 00:00:51 (349 turns).

Chiseanne the Skirmisher (Demonspawn Wanderer)       Turns: 349, Time: 00:00:51

Health: 22/24      AC:  2    Str: 12    XL:     2   Next: 13%
Magic:  2/2        EV: 12    Int: 12    God:
Gold:   21         SH:  0    Dex: 13    Spells: 1/1 levels left

rFire    . . .     SeeInvis .   a - +2 dagger (freeze)
rCold    . . .     Gourm    .   (no shield)
rNeg     . . .     Faith    .   d - +0 robe
rPois    .         Spirit   .   (no helmet)
rElec    .         Reflect  .   (no cloak)
rCorr    .         Harm     .   (no gloves)
MR       .....                  (no boots)
Stlth    ++........             (no amulet)
HPRegen  0.08/turn              (no ring)
MPRegen  0.08/turn              (no ring)

@: no status effects
A: claws 1
a: no special abilities


You were on level 1 of the Dungeon.
You were not hungry.

You visited 1 branch of the dungeon, and saw 1 of its levels.

You collected 21 gold pieces.

Inventory:

Hand Weapons
 a - a +2 dagger of freezing (weapon)
Missiles
 i - 21 stones (quivered)
 l - 18 arrows
Armour
 d - a +0 robe (worn)
Scrolls
 e - a scroll of remove curse {unknown}
 h - a scroll of immolation {unknown}
 k - a scroll of identify {unknown}
 m - a scroll of enchant weapon {unknown}
Potions
 c - a potion of curing
Books
 b - the Papyrus of Intoxication

   Spells                             Type                      Level
   a - Sting                          Conjuration/Poison           1
   b - Ignite Poison                  Fire/Transmutation/Poison    3
 j - a book of Necromancy

   Spells                             Type                      Level
   a - Pain                           Necromancy                   1
   b - Animate Skeleton               Necromancy                   1
   c - Vampiric Draining              Necromancy                   3
   d - Regeneration                   Charms/Necromancy            3
   e - Animate Dead                   Necromancy                   4
   f - Control Undead                 Necromancy                   4
Comestibles
 f - a bread ration
 g - 4 fruits


   Skills:
 * Level 3.3 Fighting
   Level 1.0 Axes
 - Level 1.0 Throwing
 - Level 1.0 Armour
 * Level 1.0 Dodging
 - Level 1.0 Stealth
   Level 3.2 Necromancy


You had one spell level left.
You didn't know any spells.

Dungeon Overview and Level Annotations

Branches:
Dungeon (1/15)

Altars:


Innate Abilities, Weirdness & Mutations

You have sharp fingernails.


Message History

A goblin comes into view.
You see here a short sword.
You hit the dart slug. You freeze the dart slug.
The dart slug is heavily wounded.
The dart slug bites you.
You hit the dart slug. You freeze the dart slug.
You kill the dart slug!
You have reached level 2!
You feel monstrous as your demonic heritage exerts itself.
Your demonic ancestry asserts itself...
Your fingernails lengthen.
You completely miss the goblin. The goblin hits you.
You hit the goblin. You freeze the goblin.
The goblin is heavily wounded.
The goblin closely misses you.
You hit the goblin. You freeze the goblin.
You kill the goblin!
Your Dodging skill increases to level 1!
No target in view!
Are you sure you want to abandon this character and quit the game? (Confirm with "yes".)

##### #...### ###
#.....
#######.###...####
#......#.........#
#.#####..........#
#.# ##....>....#
#.# ####.)@####
#.# #...# #.#
#...# #.## ##+##
#..## #.#.# ##.##
####...####
.......†..+


There were no monsters in sight!

Vanquished Creatures
  A dart slug (D:1)
  A bat (D:1)
  A giant cockroach (D:1)
  2 goblins (D:1)
  A kobold (D:1)
  2 rats (D:1)
8 creatures vanquished.

Notes
Turn   | Place    | Note
-------+----------+-------------------------------------------
     0 | D:1      | Chiseanne the Demonspawn Wanderer began the quest for the Orb.
     0 | D:1      | Chiseanne set off with: a book of Necromancy, the Papyrus of Intoxication, a potion of curing, a +0 robe, a +0 dagger, a bread ration
     0 | D:1      | Reached XP level 1. HP: 18/18 MP: 1/1
     0 | D:1      | Identified the Papyrus of Intoxication
   345 | D:1      | Gained mutation: You have sharp fingernails. [demonic ancestry]
   345 | D:1      | Reached XP level 2. HP: 23/24 MP: 2/2
   348 | D:1      | Reached skill level 1 in Dodging
   349 | D:1      | Quit the game

Vault maps used:
D:1:      dpeg_arrival_castle, nrook_mini_vaults

Skill      XL: |  1  2 |
---------------+-------+-----
Dodging        | 1 |  1.0
Fighting       | |  3.3
Axes           | |  1.0
Throwing       | |  1.0
Armour         | |  1.0
Stealth        | |  1.0
Necromancy     | |  3.2

Action                   || total
-------------------------++-------
Melee: Dagger            ||    22
Armor: Robe              ||     5
Dodge: Dodged            ||    14
